 Dungeon Crawl Stone Soup version 0.27.0-1-g7a089689b8 (webtiles) character file.

Game seed: 15884086651416155503

16 sanka the Ducker (level 2, 0/18 HPs)
             Began as an Octopode Arcane Marksman on Aug 10, 2021.
             Slain by a jackal (1 damage)
             ... on level 1 of the Dungeon.
             The game lasted 00:00:34 (361 turns).

sanka the Ducker (Octopode Arcane Marksman)          Turns: 361, Time: 00:00:35

Health: 0/18       AC:  1    Str:  9    XL:     2   Next: 54%
Magic:  3/3        EV: 13    Int: 15    God:
Gold:   0          SH:  0    Dex: 12    Spells: 2/3 levels left

rFire    . . .     SeeInvis .   a - +0 hand crossbow
rCold    . . .     Faith    .   (no shield)
rNeg     . . .     Spirit   .   (helmet restricted)
rPois    .         Reflect  .   (no amulet)
rElec    .         Harm     .   (no ring)
rCorr    .         Rampage  .   (no ring)
Will     .....                  (no ring)
Stlth    ++........             (no ring)
HPRegen  0.06/turn              (no ring)
MPRegen  0.08/turn              (no ring)
                                (no ring)
                                (no ring)

@: no status effects
A: almost no armour, amphibious, 8 rings, camouflage 1, gelatinous body 1,
(nimble swimmer 1), tentacles
a: no special abilities


You were on level 1 of the Dungeon.
You visited 1 branch of the dungeon, and saw 1 of its levels.


Innate Abilities, Weirdness & Mutations

You cannot wear most types of armour.
You are amphibious.
You can wear up to eight rings at the same time.
Your skin changes colour to match your surroundings (Stealth+).
Your rubbery body absorbs attacks. (AC +1, EV +1)
((You are camouflaged near water. (Stealth+)))
You have tentacles for arms and can constrict up to eight enemies at once.


   Skills:
 - Level 1.0 Fighting
 - Level 2.0 Crossbows
 + Level 3.1 Dodging
 - Level 1.0 Spellcasting
 - Level 3.0 Hexes


You had 2 spell levels left.
You knew the following spells:

 Your Spells              Type           Power      Damage    Failure   Level
Z - Corona                Hex            10%        N/A       7%          1

Your spell library contained the following spells:

 Spells                   Type           Power      Damage    Failure   Level
 Slow                     Hex            9%         N/A       11%         2
 Inner Flame              Hex/Fire       5%         N/A       36%         3
 Portal Projectile        Hex/Tloc       10%        N/A       36%         3
 Cause Fear               Hex            4%         N/A       56%         4

Inventory:

Hand Weapons
 a - a +0 hand crossbow (weapon)
Missiles
 c - a bolt (quivered ammo)
Scrolls
 b - a scroll of magic mapping {unknown}
 e - a scroll of teleportation {unknown}
 f - a scroll of enchant weapon {unknown}
Potions
 d - a potion of heal wounds {unknown}

Dungeon Overview and Level Annotations

Branches:
Dungeon (1/15)

Altars:

▒▒▒▒.▒▒.▒..▒▒.. 8...
▒..▒.▒▒.▒..▒▒.. ▒...
▒..▒.▒▒.▒..▒▒.. ▒...
▒▒............. ▒.. ▒▒...
▒.....▒▒..▒▒ ▒ ▒...▒8...
▒▒▒▒..........
▒...▒▒...▒▒▒.....▒▒.▒▒...
. ▒.........▒▒.▒▒..▒...▒
▒▒. ▒ ▒.....
▒((hx........... ..▒
▒.....▒▒▒.▒▒.▒▒..▒.......
..
▒.........▒▒..▒▒..▒▒... ▒
▒......▒..▒▒.....▒.. ..▒▒
▒(...........▒▒..▒ .▒....
▒..(.........▒ .. .. ▒.
▒..(.....▒▒... ...▒.
▒...(....▒ ▒.▒ .....
(........... .▒ ..▒.


You could see a jackal.


Message History

The jackal is heavily wounded.
The jackal closely misses you. The jackal barely misses you.
The endoplasm freezes you.
You are frozen.
* * * LOW HITPOINT WARNING * * *
The jackal closely misses you. The jackal barely misses you.
The jackal closely misses you.
You shoot a bolt. The bolt closely misses the jackal.
The jackal barely misses you. The jackal misses you.
You shoot a bolt. The bolt hits the jackal.
The jackal is severely wounded.
The jackal misses you. The jackal misses you.
You shoot a bolt. The bolt misses the jackal.
The bolt hits the endoplasm!
You kill the endoplasm!
The jackal barely misses you. The jackal misses you.
You shoot a bolt. The bolt barely misses the jackal.
The jackal bites you.
* * * LOW HITPOINT WARNING * * *
The jackal bites you.
You die...

Action                   || total
-------------------------++-------
 Fire: Hand crossbow     ||    35
Armor: Skin              ||     1
Dodge: Dodged            ||    20

Levels and vault maps discovered:
D:1:      sevenhm_arrival_forest_fort_small_3, layout_basic,
          ebering_ecumenical_altar_ruins, corexii_hall_statues_x,
          hangedman_decor_clover_reticule, chequers_jeans, minivault_5

Notes
Turn   | Place    | Note
-------+----------+-------------------------------------------
     0 | D:1      | sanka the Octopode Arcane Marksman began the quest for the
                  | Orb.
     0 | D:1      | Reached XP level 1. HP: 13/13 MP: 2/2
   199 | D:1      | Found a faded altar of an unknown god.
   268 | D:1      | Reached XP level 2. HP: 16/18 MP: 3/3
   349 | D:1      | Reached skill level 3 in Dodging
   361 | D:1      | HP: 1/18 [jackal (2)]
   361 | D:1      | Slain by a jackal

Vanquished Creatures
  3 endoplasms (D:1)
  A goblin (D:1)
  3 hobgoblins (D:1)
  3 jackals (D:1)
  2 ball pythons (D:1)
12 creatures vanquished.
